AoeStats
← ᅚᅚᅚᅚ

Nomad

509975241Analyzed
3v3 RM · 3d ago on Sep 28, 2026· 50m 51s· 6 players
Game mode
Random Map
Map size
210×210
Population
200
Speed
Normal
Resources
Standard
Victory
Conquest
Starting age
Dark Age
Ending age
Imperial Age
RankedLock teamsTeams togetherTeam positionsShared explorationLock speedFull tech treeHidden civsTurbo modeCheats
Victory
Defeat
🇭🇰 Magyars · Hong Kong SAR China
1325
+16
🇱🇹 Persians · Lithuania
1286
+17
🇲🇽 Varangians · Mexico
1268
+17
🇨🇱 Koreans · Chile
1326
-17
🇦🇷 Persians · Argentina
1315
-17
🇨🇱 Sicilians · Chile
1300
-16
xblxavier
4:20 Loom
14:03 Feudal Age
15:02 Double-Bit Axe
14:58 Horse Collar
15:02 Fishing Lines
19:15 Castle Age
20:00 Bloodlines
19:57 Scale Barding Armor
20:27 Bow Saw
20:12 Gillnets
20:42 Husbandry
21:37 Forging
21:19 Gold Mining
22:13 Chain Barding Armor
23:24 Wheelbarrow
25:10 Iron Casting
25:46 Hand Cart
28:06 Medium Warships
28:33 Medium Warships
29:28 Fletching
30:11 Heavy Plow
30:49 Bodkin Arrow
31:39 Ballistics
31:31 Careening
31:59 Town Watch
32:48 Stone Mining
33:57 Clinker Construction
36:02 Stone Shaft Mining
38:43 Imperial Age
38:15 Treadmill Crane
38:46 Masonry
38:41 Town Patrol
39:48 Conscription
38:50 Vendel Legacy
40:08 Plate Barding Armor
40:33 Blast Furnace
40:37 Two-Man Saw
40:41 Chemistry
39:08 Elite Longship
40:14 Bracer
39:36 Cavalier
41:13 Carvel Hull
41:22 Dry Dock
42:01 Architecture
41:18 Gothikon
42:40 Siege Engineers
42:31 Murder Holes
43:15 Elite Jarl
46:45 Fortified Wall
50:50 Shipwright
Salvation
12:17 Feudal Age
13:56 Double-Bit Axe
19:36 Horse Collar
23:24 Castle Age
25:41 Scale Barding Armor
25:56 Loom
27:25 Wheelbarrow
31:05 Gold Mining
32:18 Bloodlines
32:47 Bow Saw
33:51 Forging
34:41 Husbandry
35:16 Heavy Plow
39:06 Imperial Age
39:25 Imperial Age
39:05 Heavy Camel Rider
41:06 Chemistry
44:47 Scale Mail Armor
45:52 Chain Barding Armor
49:35 Hand Cart
What's your ETA?
6:17 Loom
14:06 Feudal Age
14:58 Double-Bit Axe
20:15 Castle Age
18:27 Horse Collar
19:48 Stone Mining
19:55 Fishing Lines
23:08 Gillnets
23:35 Bow Saw
23:46 Scale Barding Armor
23:53 Bloodlines
23:43 Husbandry
25:11 Heavy Plow
27:53 Chain Barding Armor
28:40 Corvinian Army
31:35 Wheelbarrow
30:54 Gold Mining
35:40 Imperial Age
33:28 Hand Cart
33:02 Town Watch
34:59 Gold Shaft Mining
35:09 Thumb Ring
34:58 Fletching
35:08 Padded Archer Armor
36:45 Conscription
36:28 Recurve Bow
37:01 Parthian Tactics
36:33 Bodkin Arrow
36:54 Leather Archer Armor
36:51 Elite Magyar Huszar
37:33 Recurve Bow
38:29 Plate Barding Armor
37:56 Bracer
38:25 Ballistics
38:12 Heavy Cavalry Archer
41:50 Ring Archer Armor
46:58 Two-Man Saw
46:29 Crop Rotation
Pelantaro
5:32 Loom
15:37 Feudal Age
16:11 Town Watch
16:12 Double-Bit Axe
16:12 Fishing Lines
16:38 Horse Collar
22:21 Castle Age
21:45 Wheelbarrow
21:15 Gold Mining
24:35 Fletching
25:21 Pikeman
28:40 Scale Mail Armor
29:53 Sanctity
30:35 Bow Saw
31:36 Chain Mail Armor
31:25 Squires
35:22 Imperial Age
36:25 First Crusade
37:05 Plate Mail Armor
36:15 Capped Ram
37:18 Forging
37:51 Conscription
37:38 Bodkin Arrow
39:02 Ballistics
38:43 Elite Serjeant
39:49 Murder Holes
41:25 Hand Cart
41:55 Padded Archer Armor
41:50 Halberdier
45:05 Iron Casting
46:04 Gold Shaft Mining
46:04 Elite Skirmisher
47:09 Bracer
47:13 Padded Archer Armor
48:58 Leather Archer Armor
49:45 Chemistry
49:55 Masonry
50:02 Arrowslits
ReaperAOE2
7:06 Loom
13:18 Feudal Age
15:40 Forging
18:45 Castle Age
17:35 Scale Barding Armor
17:31 Fishing Lines
17:52 Double-Bit Axe
19:27 Medium Warships
19:23 Gillnets
20:28 Horse Collar
21:09 Bow Saw
22:04 Wheelbarrow
25:42 Husbandry
27:22 Bloodlines
29:09 Hand Cart
30:03 Iron Casting
29:43 Fletching
31:20 Bodkin Arrow
32:11 Careening
32:11 Clinker Construction
32:43 Heavy Plow
33:37 Chain Barding Armor
33:56 Town Watch
34:56 Ballistics
37:16 Imperial Age
36:06 Gold Mining
37:11 Stone Mining
36:52 Cavalier
36:52 Heavy Camel Rider
36:52 Cavalier
36:52 Heavy Camel Rider
38:09 Plate Barding Armor
38:39 Blast Furnace
39:09 Savar
42:38 Conscription
45:28 Chemistry
45:21 Light Cavalry
47:33 Murder Holes
47:50 Masonry
ᅚᅚᅚᅚ
4:20 Loom
13:44 Feudal Age
15:24 Double-Bit Axe
20:02 Castle Age
19:10 Fishing Lines
19:51 Town Watch
21:03 Gillnets
21:41 Bow Saw
24:54 Stone Mining
25:41 Wheelbarrow
24:48 Horse Collar
30:50 Treadmill Crane
33:01 Fletching
37:25 Imperial Age
35:12 Hand Cart
35:12 Scale Mail Armor
35:08 Bodkin Arrow
36:00 Squires
37:49 Chain Mail Armor
37:45 Forging
37:57 Ballistics
37:39 Capped Ram
38:36 Arson
39:16 Conscription
39:35 Block Printing
40:44 Siege Engineers
42:08 Bracer
42:39 Plate Mail Armor
42:44 Iron Casting
41:33 Elite Fire Lancer
42:41 Elite Skirmisher
45:46 Chemistry
45:08 Masonry
Connection lost

Rejoining the realm…

Still unreachable

The connection could not be restored.

Session expired

The server has moved on; the page needs a fresh start.